 Dungeon Crawl Stone Soup version 0.28-a0-925-gd5e1996cdb (webtiles) character file.

Game seed: 14229029834662083209

23 EnegeticOcto the Firebug (level 2, -1/24 HPs)
             Began as a Mummy Cinder Acolyte on Nov 26, 2021.
             Was a High Priest of Ignis.
             Splashed by a jelly's acid (8 damage)
             ... on level 2 of the Dungeon.
             The game lasted 00:01:01 (1113 turns).

EnegeticOcto the Firebug (Mummy Cinder Acolyte)     Turns: 1113, Time: 00:01:02

Health: -1/24      AC: -14   Str: 17    XL:     2   Next: 75%
Magic:  1/4        EV: 11    Int: 13    God:    Ignis [*****.]
Gold:   59         SH:  0    Dex:  7    Spells: 1/3 levels left

rFire   + . .      SeeInvis .   d - +2 whip (vamp)
rCold   + . .      Faith    .   (no shield)
rNeg    + + +      Spirit   .   b - +0 robe
rPois   ∞          Reflect  .   (no helmet)
rElec   .          Harm     .   (no cloak)
rCorr   .          Rampage  .   (no gloves)
Will    .....                   (no boots)
Stlth   +.........              (no amulet)
HPRegen 0.08/turn               c - ring of protection from fire
MPRegen 0.09/turn               e - ring of wizardry

@: corroded
A: cold resistance 1, negative energy resistance 3, torment resistance 2, heat
vulnerability 1, no potions
a: Renounce Religion, Fiery Armour, Foxfire Swarm, Rising Flame


You were on level 2 of the Dungeon.
You worshipped Ignis.
Ignis was extremely pleased with you.
You visited 1 branch of the dungeon, and saw 2 of its levels.

You collected 59 gold pieces.

Inventory:

Hand Weapons
 a - a -1 falchion of flaming
 d - a +2 vampiric whip (weapon)
   (You found it on level 1 of the Dungeon)
Armour
 b - a +0 robe (worn)
Jewellery
 c - a ring of protection from fire (left hand)
   (You found it on level 1 of the Dungeon)
 e - a ring of wizardry (right hand)
   (You found it on level 1 of the Dungeon)
Scrolls
 f - a scroll of identify {unknown}
 g - a scroll of amnesia {unknown}


   Skills:
 - Level 3.0 Fighting
 - Level 2.4 Long Blades
 - Level 1.3 Spellcasting
 + Level 3.3 Fire Magic


You had one spell level left.
You knew the following spells:

 Your Spells              Type           Power      Damage    Failure   Level
b - Scorch                Fire           18%        2d5       4%          2

Your spell library contained the following spells:

 Spells                   Type           Power      Damage    Failure   Level


Dungeon Overview and Level Annotations

Branches:
Dungeon (2/15)

Altars:


Innate Abilities, Weirdness & Mutations

You are immune to poison.
Your flesh is cold resistant. (rC+)
You are immune to negative energy. (rN+++)
You are immune to unholy pain and torment.
You are vulnerable to heat. (rF-)
You do not drink.


Message History

The bat hits you but does no damage. The bat misses you.
You hit the bat.
You feel better.
You kill the bat!
No target in view!
No target in view!
No target in view!
No target in view!
No target in view!
No target in view!
No target in view!
No target in view!
No target in view!
No target in view!
You see here a bat corpse.
Done exploring.
Done exploring.
Done exploring.
Done exploring.
Search for what [? for help]? .
(D) Dungeon
Where to? (? - help)
You see here a bat corpse.
There is a stone staircase leading down here.
You climb downwards.
Found 18 stones, a scroll labelled VUBUHAITODGH and a cyan potion.
Found an escape hatch in the ceiling.
There is a stone staircase leading up here.
A giant cockroach comes into view.
A giant cockroach is nearby!
No reachable target in view!
No reachable target in view!
A rat comes into view.
Found a stone staircase leading down.
You enter the shallow water.
Moving in this stuff is going to be slow.
Casting: Scorch (safe; 4% risk of failure)
Confirm with . or Enter, or press ? or * to list all spells.
Flames lash the rat.
You kill the rat!
Casting: Scorch (safe; 4% risk of failure)
Confirm with . or Enter, or press ? or * to list all spells.
Flames lash the giant cockroach.
The giant cockroach is severely wounded.
The giant cockroach's fire resistance burns away.
The giant cockroach is engulfed in a cloud of scalding steam.
You kill the giant cockroach!
Magic restored.
g - a scroll labelled VUBUHAITODGH A dart slug comes into view.
Found an escape hatch in the floor.
Found a stone staircase leading down.
The dart slug launches a dart at you. The slug dart misses you.
A dart slug is nearby!
Found a scroll labelled QOOSYN ZUETWE.
You start waiting.
A dart slug is nearby!
Casting: Scorch (safe; 4% risk of failure)
Confirm with . or Enter, or press ? or * to list all spells.
Nothing appears to happen.
Unknown command.
Casting: Scorch (safe; 4% risk of failure)
Confirm with . or Enter, or press ? or * to list all spells.
Flames lash the dart slug.
The dart slug is severely wounded.
The dart slug's fire resistance burns away.
A ball python comes into view.
The dart slug launches a dart at you. The slug dart misses you.
There are monsters nearby!
Found a stone staircase leading down.
The ball python hisses angrily.
A jelly comes into view.
The jelly quivers.
You hit the dart slug.
The dart slug is almost dead.
The dart slug barely misses you.
You hit the dart slug.
You kill the dart slug!
The ball python barely misses you. The ball python grabs you.
The ball python constricts you.
You barely miss the ball python. The ball python closely misses you.
The ball python constricts you.
You whack the ball python!
You feel better.
You kill the ball python!
You hit the jelly.
You feel better. The acid corrodes you!
Your hands burn!
The jelly is lightly wounded.
The jelly completely misses you.
You hit the jelly.
Your hands burn!
The jelly is moderately wounded.
The jelly barely misses you.
You hit the jelly.
You feel better. The acid corrodes you!
Your hands burn!
The jelly is severely wounded.
The jelly hits you. The acid corrodes you!
You are splashed with acid!
You are too injured to fight recklessly!
You are too injured to fight recklessly!
You are too injured to fight recklessly!
The jelly hits you.
* * * LOW HITPOINT WARNING * * *
The acid corrodes you!
You are splashed with acid!
You die...

##....≈≈≈≈≈≈≈≈≈≈≈
#...#...≈≈≈≈≈≈≈≈≈≈≈≈≈≈
#...###...≈≈≈≈≈≈≈≈≈≈≈≈
#....<.......≈≈≈≈≈≈≈≈.
.......#....#####.......
..#...(.....#####......?
#.####................ #
#.#.#.####.....>.
#.#.#.@..........
.<#.###J.###.....
####.##...###.#### #.
#....$...... #.
#....†......
#.#..#......>..
#.##......... ...
#......... ..>.
#.........


You could see a jelly.

Vanquished Creatures
  A dart slug (D:2)
  2 ball pythons
  3 bats (D:1)
  An endoplasm (D:1)
  A giant cockroach (D:2)
  3 goblins (D:1)
  3 jackals (D:1)
  A kobold (D:1)
  4 rats
19 creatures vanquished.

Notes
Turn   | Place    | Note
-------+----------+-------------------------------------------
     0 | D:1      | EnegeticOcto the Mummy Cinder Acolyte began the quest for
                  | the Orb.
     0 | D:1      | Reached XP level 1. HP: 18/18 MP: 2/2
   245 | D:1      | Found a faded altar of an unknown god.
   245 | D:1      | Noticed a green death
   298 | D:1      | Reached skill level 3 in Fire Magic
   298 | D:1      | Reached XP level 2. HP: 18/24 MP: 4/4
   301 | D:1      | Learned a level 2 spell: Scorch
  1113 | D:2      | Splashed by a jelly's acid

Illustrated notes

Levels and vault maps discovered:
D:1:      enne_arrival_octagon_isle, layout_loops_ring,
          dreamdust_ecumenical_altar_sealed_demon, serial_aquarium,
          aquarium_bridge_square [aquarium_subvault_bridge,
          aquarium_subvault_window, aquarium_subvault_window,
          aquarium_subvault_bridge], aquarium_bridge_island_small
          [aquarium_subvault_small_open, aquarium_subvault_bridge,
          aquarium_subvault_wall, aquarium_subvault_window,
          aquarium_subvault_bridge], aquarium_window_corner,
          aquarium_window_fake, aquarium_view_2e, aquarium_balcony_1a
D:2:      wander_river, layout_rooms, serial_shops, shop_statue, basic_altar

Skill      XL: |  1 |
---------------+----+-----
Fire Magic     | 3 |  3.3
Fighting       | |  3.0
Long Blades    | |  2.4
Spellcasting   | |  1.3

Action                   || total
-------------------------++-------
Melee: Falchion          ||     9
       Whip              ||    38
 Cast: Scorch            ||     8
Armor: Robe              ||     9
Dodge: Dodged            ||    34

Table legend: (Time is in decaauts)
 A = Elapsed time spent in this place.
 B = Non-inter-level travel time spent in this place.
 C = Inter-level travel time spent in this place.
 D = Time resting spent in this place.
 E = Time spent auto-exploring this place.
 F = Levels seen in this place.
 G = Mean time per level.
                   A        B        C        D        E       F      G
               +--------+--------+--------+--------+--------+-----+--------+
         Total |   1118 |   1103 |     15 |      5 |    952 |   2 |  559.0 |
       Dungeon |   1118 |   1103 |     15 |      5 |    952 |   2 |  559.0 |
               +--------+--------+--------+--------+--------+-----+--------+

Top non-repeatable levels by time:
     D:1: 1034 daAuts
     D:2: 83 daAuts
